 Dungeon Crawl Stone Soup version 0.16.2-2-g470672f (webtiles) character file.

126 monobi the Poker (level 4, 0/34 HPs)
             Began as a Demonspawn Gladiator on Sept 2, 2015.
             Slain by an orc priest (4 damage)
             ... on level 3 of the Dungeon.
             The game lasted 00:06:43 (2460 turns).

monobi the Poker (Demonspawn Gladiator)             Turns: 2460, Time: 00:06:43

Health: 0/34       AC: 14    Str: 21    XL:     4   Next: 84%
Magic:  4/4        EV:  7    Int:  9    God:
Gold:   150        SH:  0    Dex: 14    Spells: 0 memorised, 3 levels left

rFire  . . .     SeeInvis .     a - +0 trident
rCold  . . .     Clarity  .     g - +0 plate armour
rNeg   . . .     SustAb   .     (no shield)
rPois  .         Gourm    .     c - +0 helmet
rElec  .         Spirit   .     (no cloak)
rCorr  .         Warding  .     (no gloves)
rMut   .         Stasis   .     n - +2 pair of boots
MR     .....                    (no amulet)
Stlth  ..........               (no ring)
                                (no ring)

@: mighty, not resistant to hostile enchantments, extremely unstealthy
A: claws 1, spiny 1
a: no special abilities


You were on level 3 of the Dungeon.
You were not hungry.

You visited 1 branch of the dungeon, and saw 3 of its levels.

You collected 150 gold pieces.

Inventory:

Hand weapons
 a - a +0 trident (weapon)
Missiles
 d - 3 throwing nets (quivered)
Armour
 c - a +0 helmet (worn)
 g - a +0 plate armour (worn)
 n - a +2 pair of boots (worn)
Jewellery
 k - an uncursed ring of teleportation
Scrolls
 e - 2 scrolls of teleportation
 j - a scroll of remove curse
 l - a scroll of noise {unknown}
Potions
 i - a potion of lignification {unknown}
Comestibles
 f - 2 bread rations
 m - a meat ration


   Skills:
 + Level 2.7 Fighting
 + Level 3.5 Polearms
 + Level 1.8 Throwing
 + Level 1.7 Armour
 + Level 3.4 Dodging
 + Level 0.4 Stealth


You had 3 spell levels left.
You didn't know any spells.

Dungeon Overview and Level Annotations

Branches:
Dungeon (3/15)

Altars:
Qazlal


Innate Abilities, Weirdness & Mutations

You have sharp fingernails.
You are partially covered in sharp spines.


Message History

The orc wizard seems to speed up.
The orc priest hits you but does no damage.
The orc priest invokes the aid of Beogh against you.
Pain shoots through your body!
* * * LOW HITPOINT WARNING * * *
The orc wizard hits you but does no damage.
The orc wizard hits you but does no damage.
Found 18 gold pieces.
You swing at nothing.
The orc priest calls upon Beogh to heal the orc wizard.
The orc wizard is healed somewhat.
You puncture the orc!
You kill the orc!
You puncture the orc wizard!
You kill the orc wizard!
You swing at nothing.
You closely miss the orc priest.
The orc priest is lightly wounded.
The orc priest hits you.
You die...

.## #........... #...#..#
##....#)†. ........
...#...... .......
.##...... #..... #......
+....# ........ . #....#
......... ... #.$..#
.......... .... #)@..#
........... #.....##o#.#
#........## #........# #
#..........
#........#+####........##
#..........o..#..........
.......).....##........#
.#####...o.............#
....................#
###.................#


You could see an orc priest.

Vanquished Creatures
  An orc wizard (D:3)
  2 adders (D:2)
  A giant mite (D:1)
  A worm (D:2)
  2 giant geckos (D:3)
  2 orcs (D:3)
  11 bats
  8 hobgoblins
  3 quokkas
  4 giant cockroaches (D:2)
  3 giant newts
  5 goblins
  3 jackals (D:1)
  12 kobolds
  4 rats
62 creatures vanquished.

Notes
Turn   | Place    | Note
--------------------------------------------------------------
     0 | D:1      | monobi, the Demonspawn Gladiator, began the quest for the Orb.
     0 | D:1      | Reached XP level 1. HP: 16/16 MP: 1/1
   515 | D:1      | Reached skill level 3 in Polearms
   565 | D:1      | Gained mutation: You are partially covered in sharp spines. [demonic ancestry]
   565 | D:1      | Reached XP level 2. HP: 15/22 MP: 2/2
  1015 | D:1      | Gained mutation: You have sharp fingernails. [demonic ancestry]
  1015 | D:1      | Reached XP level 3. HP: 28/28 MP: 3/3
  1878 | D:2      | Reached skill level 1 in Armour
  1899 | D:2      | Reached XP level 4. HP: 34/34 MP: 4/4
  2345 | D:3      | Found a stormy altar of Qazlal.
  2460 | D:3      | Slain by an orc priest

Action                   |  1- 3 |  4- 6 || total
-------------------------+-------+-------++-------
Melee: Trident           |   142 |    80 ||   222
  Use: Scroll            |     5 |     3 ||     8
       Potion            |       |     2 ||     2
  Eat: Bread ration      |     1 |       ||     1
       Chunk             |     1 |       ||     1
